 Dungeon Crawl Stone Soup version 0.32-a0-305-gcc768c7156 (webtiles) character file.

Game seed: 15195804144200290752

214799 Flugkiller the Spry (level 18, -3/135 HPs)
             Began as an Octopode Gladiator on Feb 15, 2024.
             Was the Champion of Ru.
             Slain by a ghost moth (9 damage)
             ... on level 4 of the Spider Nest.
             The game lasted 00:56:45 (31313 turns).

Flugkiller the Spry (Octopode Gladiator)           Turns: 31313, Time: 00:56:46

Health: -3/135     AC:  3    Str: 11 (12) XL:     18   Next: 0%
Magic:  0/18       EV: 25    Int: 15 (17) God:    Ru [******]
Gold:   835        SH: 26    Dex: 16 (20) Spells: 17/17 levels left

rFire   . . .        b - +11 Singing Sword {sonic wave}
rCold   . . .        B - +7 tower shield of Boredom {-Cast rElec rPois}
rNeg    + . .        d - +2 hat
rPois   +            x - amulet of regeneration
rElec   +            v - +5 ring of evasion
rCorr   .            p - ring of protection from cold
SInv    .            m - ring of willpower
Will    ++...        (no ring) Stlth
                     f - ring of protection from fire
HPRegen 1.22/turn    X - ring of positive energy
MPRegen 0.16/turn    j - +4 ring of slaying
                     W - +6 ring of intelligence

%: no spellcasting
@: no status effects
A: almost no armour, amphibious, 8 rings, camouflage 1, weak 1, gelatinous body
1, no stealth, hated by all, inexperienced 1, temperature sensitive, (nimble
swimmer 1), tentacles
}: 1/15 runes: barnacled
a: Renounce Religion, Draw Out Power, Power Leap, Apocalypse


You were on level 4 of the Spider Nest.
You worshipped Ru.
Ru was exalted by your worship.
You visited 5 branches of the dungeon, and saw 29 of its levels.
You visited 1 bazaar.
You also visited: Bailey.

You collected 3329 gold pieces.
You spent 2494 gold pieces at shops.

Inventory:

Hand Weapons
 a - the +11 sling "Mief" {flame, rC- Str+4 Dex+3}
   (You found it on level 4 of the Dungeon)

   Str+4:     It affects your strength (+4).
   Dex+3:     It affects your dexterity (+3).
   rC-:       It makes you vulnerable to cold.
 b - the +11 Singing Sword (weapon) {sonic wave}
   (You bought it in a shop on level 15 of the Dungeon)
 I - the +10 short sword "Roheer" {flame, rPois rC+ Will- Int+5}
   (You found it on level 7 of the Dungeon)

   Int+5:     It affects your intelligence (+5).
   rC+:       It protects you from cold.
   rPois:     It protects you from poison Will-: It decreases your willpower.
Missiles
 c - 8 throwing nets
 O - a curare-tipped dart (quivered)
Armour
 d - a +2 hat (worn)
 B - the +7 tower shield of Boredom (worn) {-Cast rElec rPois}
   (You took it off Louise on level 1 of the Shoals)

   rElec:     It insulates you from electricity.
   rPois:     It protects you from poison -Cast: It prevents spellcasting.
 D - a +0 kite shield
   (You took it off an orc on level 6 of the Dungeon)
Jewellery
 f - a ring of protection from fire (on tentacle)
   (You found it on level 2 of the Lair of Beasts)
 j - a +4 ring of slaying (on tentacle)
   (You took it off a kobold on level 12 of the Dungeon)
 m - a ring of willpower (on tentacle)
   (You took it off a gnoll on level 7 of the Dungeon)
 p - a ring of protection from cold (right tentacle)
   (You found it on level 1 of the Dungeon)
 u - a ring of ice
   (You found it on level 3 of the Dungeon)
 v - a +5 ring of evasion (left tentacle)
   (You found it on level 1 of the Dungeon)
 x - an amulet of regeneration (around mantle)
   (You bought it in a shop in a bazaar)
 E - a ring of wizardry
   (You took it off a gnoll on level 6 of the Dungeon)
 F - a ring of ice
   (You found it on level 3 of the Lair of Beasts)
 W - a +6 ring of intelligence (on tentacle)
   (You found it on level 14 of the Dungeon)
 X - a ring of positive energy (on tentacle)
   (You found it on level 4 of the Lair of Beasts)
 Y - an amulet of reflection
   (You found it on level 15 of the Dungeon)
Wands
 A - a wand of flame (36)
   (You found it on level 2 of the Lair of Beasts)
 J - a wand of mindburst (18)
   (You found it on level 8 of the Dungeon)
 R - a wand of iceblast (8)
   (You took it off a gnoll on level 11 of the Dungeon)
 S - a wand of quicksilver (8)
   (You found it on level 11 of the Dungeon)
Scrolls
 e - 4 scrolls of vulnerability
 l - 5 scrolls of poison
 o - a scroll of silence
 r - a scroll of identify
 s - a scroll of torment
 t - 10 scrolls of teleportation
 G - 5 scrolls of fear
 M - 7 scrolls of fog
 P - a scroll of immolation
Potions
 g - 3 potions of ambrosia
 h - 2 potions of haste
 i - 5 potions of invisibility
 k - a potion of berserk rage {unknown}
 n - 4 potions of resistance
 q - 5 potions of curing
 w - 9 potions of heal wounds
 H - 3 potions of magic
 K - 4 potions of lignification
 L - 4 potions of mutation
 Q - 6 potions of brilliance
 U - 2 potions of might {unknown}


   Skills:
 + Level 16.1 Fighting
 - Level 1.0(10.4) Short Blades
 - Level 15.9(16.0) Long Blades
 - Level 12.0 Ranged Weapons
 - Level 2.0 Throwing
 + Level 16.9 Dodging
 - Level 15.0 Shields
 - Level 6.0 Evocations


You had 17 spell levels left.
You didn't know any spells.
Your spell library contained the following spells:

 Spells                   Type           Power      Damage    Failure   Level
 Foxfire                  Conj/Fire      0%         2x1d4     80%         1
 Freeze                   Ice            0%         1d3       80%         1
 Magic Dart               Conj           0%         1d3       80%         1
 Sandblast                Erth           0%         2d4       80%         1
 Searing Ray              Conj           0%         2d4       90%         2
 Sublimation of Blood     Necr           0%         N/A       90%         2
 Frozen Ramparts          Ice            0%         1d1       99%         3
 Hailstorm                Conj/Ice       0%         3d5       99%         3
 Passwall                 Erth           0%         N/A       99%         3
 Sigil of Binding         Hex            0%         N/A       99%         3
 Stone Arrow              Conj/Erth      0%         3d7       99%         3
 Brom's Barrelling Bould  Conj/Erth      0%         2d3       100%        4
 Dimensional Bullseye     Hex/Tloc       0%         N/A       100%        4
 Fulminant Prism          Conj/Alch      0%         3d5       100%        4
 Iskenderun's Mystic Bla  Conj/Tloc      0%         2d3       100%        4
 Petrify                  Alch/Erth      0%         N/A       100%        4
 Alistair's Intoxication  Alch           0%         N/A       100%        5
 Borgnjor's Vile Clutch   Necr/Erth      0%         N/A       100%        5
 Irradiate                Conj/Alch      0%         3d11      100%        5
 Eringya's Noxious Bog    Alch           0%         4d6       100%        6
 Plasma Beam              Fire/Air       0%         2x1d10    100%        6
 Starburst                Conj/Fire      0%         6d3       100%        6
 Ozocubu's Refrigeration  Ice            0%         4d7       100%        7
 Polar Vortex             Ice            0%         N/A       100%        9
 Call Canine Familiar     Summ           Unusable   N/A       N/A         3
 Tukima's Dance           Hex            Unusable   N/A       N/A         3
 Sculpt Simulacrum        Ice/Alch       Unusable   N/A       N/A         6

Dungeon Overview and Level Annotations

Branches:
Dungeon (15/15) Zot: 24925  Temple (0/1) D:6            Lair (4/5) D:8 Zot: 18186
 Shoals (4/4) Lair:2 Zot: 19801  Spider (4/4) Lair:3 Zot: 21738   Slime (0/5) Lair:4
    Orc (2/2) D:12 Zot: 10492     Elf (0/3) Orc:2        Vaults (0/5) D:14
 Depths (0/4) D:15         Bailey (visited)

Altars:
Ashenzari
Dithmenos
Nemelex Xobeh
Okawaru
Ru
Trog
Wu Jian
Xom
The Shining One

Shops:
D:1 [   D:9 !   D:11 :   D:15 (   Orc:2 ?[**   Shoals:2 *:

Annotations:
D:5 4 transporters, casual's ghost, novice DjAE
D:14 exclusion: orange crystal statue
Orc:2 3 runed translucent doors, casual's ghost, journeyman DjAE


Innate Abilities, Weirdness & Mutations

You cannot wear most types of armour.
You are amphibious.
You can wear up to eight rings at the same time.
Your skin changes colour to match your surroundings (Stealth+).
You are weak. (Str -2)
Your rubbery body absorbs attacks. (AC +1, EV +1)
You cannot be stealthy.
You are hated by all.
You are somewhat inexperienced. (-1 XL)
You are sensitive to extremes of temperature. (rF-, rC-)
((You are camouflaged when in or above water. (Stealth+)))
You have tentacles for arms and can constrict up to eight enemies at once.


Message History

The demonic crawler is severely wounded.
The jumping spider leaps!
You block the demonic crawler's attack. x3
Unknown command.
You slice the demonic crawler!!
The Singing Sword clearly misses the concert pitch.
You send a blast of sound all around you.
You kill the demonic crawler!
Your life force feels restored.
You have reached level 18!
The jumping spider leaps!
Unknown command.
The jumping spider leaps!
Unknown command.
A redback comes into view.
Found a gossamer rune of Zot.
Unknown command.
You block the redback's attack.
You chop the redback into pieces!!!
You kill the redback!
No target in view!
You see here a redback corpse.
No target in view!
You feel you are being watched by something.
You feel your power leaking away.
You feel you are being watched by something.
You feel your power leaking away.
You see here a redback corpse.
You block the jumping spider's attack. The jumping spider barely misses you.
You feel you are being watched by something.
You block the jumping spider's attack. x2; The jumping spider leaps!
The jumping spider leaps!
The jumping spider begins to attack, but is stunned by your conviction!
You feel you are being watched by something.
The jumping spider begins to attack, but is stunned by your conviction!
You feel you are being watched by something.
You redirect something's attack!
You block something's attack.
Deactivating autopickup; reactivate with Ctrl-A.
Something hits you! Something closely misses you.
Unknown command.
You slash something! Your squeeze misses something.
The jumping spider leaps!
You feel you are being watched by something.
You feel your power leaking away.
You feel you are being watched by something.
Something barely misses you. Something hits you.
Something stings you but does no damage.
You hit something but do no damage. You squeeze something!
You redirect something's attack!
You feel you are being watched by something.
Something hits you.
You feel clumsy. Something closely misses you. Something stings you.
The jumping spider begins to attack, but is stunned by your conviction!
You slash something!
The Singing Sword repeatedly practises the high pitch.
You send a blast of sound all around you.
You kill the jumping spider!
You feel you are being watched by something.
You redirect something's attack!
You slash something! You squeeze something! Something hits you!
You focus your inner power and illuminate something in retribution!
You block the ghost moth's attack. x2
You redirect something's attack!
You block something's attack. Something completely misses you.
Something stings you!
You feel clumsy.
A ghost moth comes into view.
You slash something! Your squeeze misses something.
You feel less exhausted. The ghost moth stares at you.
You redirect the ghost moth's attack!
The ghost moth hits itself! x2; The ghost moth stings itself!
Something hits you!
You feel dopey. Something hits you but does no damage.
You block something's attack. The ghost moth stares at you.
You block the ghost moth's attack. x2; The ghost moth stings you!
Unknown command.
Unknown command.
You slash the ghost moth! You squeeze the ghost moth.
You kill the ghost moth!
Reactivating autopickup.
You feel you are being watched by something.
Something hits you!!
* * * LOW HITPOINT WARNING * * *
You feel dopey.
Deactivating autopickup; reactivate with Ctrl-A.
Something hits you!
* * * LOW HITPOINT WARNING * * *
You focus your inner power and slow something in retribution!
Something stings you.
* * * LOW HITPOINT WARNING * * *
You feel clumsy.
You feel you are being watched by something.
Something misses you. Something hits you.
* * * LOW HITPOINT WARNING * * *
You feel weakened. Something stings you!
You die...
Ru respects your ultimate sacrifice.

##..##.^#...# #
#^.##..##††.# ^##
##..#...##'††##...#
#..# #.....[†....#
#..# ##^......†.##
#..# ##.........#
#.†###...........#
##..##..........†#
#@.#...#...†.#^..#
#.....###°.^###...
#......#.....# ...
#...^.^.......^^
#................
#..#..^.#..^....#
#.†#...###.^..
#..##... .... #φ.
#...^ ...


There were no monsters in sight!

Vanquished Creatures
  Nikola (Spider:4)
  Arachne (Spider:4)
  Jorgrun (Orc:1)
  2 krakens (Shoals:4)
  Kirke (Lair:4)
  Aizul (Spider:3)
  Donald (Spider:1)
  Agnes (D:15)
  2 emperor scorpions
  Louise (Shoals:1)
  2 ghost moths (Spider:4)
  2 orc warlords
  A stone giant (D:15)
  A spark wasp (Spider:4)
  5 merfolk impalers
  5 merfolk javelineers
  4 entropy weavers
  7 hydras
  2 rakshasas
  A yaktaur captain (D:14)
  5 ogre magi
  7 jorogumos
  A radroach (Spider:2)
  2 alligator snapping turtles
  3 merfolk avatars
  6 boulder beetles
  2 death knights
  6 centaur warriors
  An alligator (Shoals:2)
  6 merfolk aquamancers
  5 demonic crawlers
  26 two-headed ogres
  3 satyrs
  6 death yaks
  3 tengu warriors
  Urug (D:11)
  Sonja (D:13)
  5 skysharks
  Lodul (D:11)
  5 pharaoh ants
  8 orb spiders
  A phantasmal warrior (D:13)
  6 sea snakes
  2 sun moths
  3 steelbarb worms
  A deep elf zephyrmancer (D:9)
  3 deep elf pyromancers
  A lindwurm (Lair:2)
  3 orc sorcerers
  20 harpies
  13 wolf spiders
  A cyclops (shapeshifter) (D:15)
  17 ugly things (D:15)
  A cyclops (D:9)
  12 elephants
  3 meliai (D:13)
  9 manticores
  11 fauns
  A moth of wrath (Spider:4)
  13 merfolk sirens
  3 kobold blastminers
  Joseph (D:8)
  4 torpor snails
  A meliai (shapeshifter) (D:14)
  8 cane toads
  4 water nymphs
  5 black mambas
  5 rime drakes
  A komodo dragon (Lair:3)
  Jeremiah (D:8)
  6 kobold demonologists
  2 yaktaurs (D:14)
  An efreet (D:14)
  2 freezing wraiths (D:14)
  2 tengu conjurers (D:14)
  Psyche (D:11)
  3 trolls
  15 merfolk
  5 wind drakes
  5 polar bears
  15 tarantellas
  9 hornets
  14 snapping turtles
  6 blink frogs
  30 jumping spiders
  9 slime creatures
  A shadow (D:11)
  9 culicivoras
  A centaur simulacrum (D:14)
  10 water elementals
  5 basilisks
  4 wraiths
  6 wyverns
  51 yaks
  42 redbacks
  3 hogs (Lair:4)
  A warg (Orc:1)
  9 vampire mosquitoes
  5 swamp worms (Lair:1)
  2 acid dragons
  6 water moccasins
  23 orc warriors
  A meliai simulacrum (D:15)
  A sky beast (D:7)
  2 laughing skulls (D:14)
  5 black bears
  36 ogres
  11 wolves
  2 centaurs
  5 kobold brigands
  11 bullfrogs
  A gnoll sergeant (D:11)
  5 scorpions
  4 killer bees
  9 howler monkeys
  3 electric eels (D:10)
  3 bombardier beetles
  A gnoll bouda (D:7)
  17 orc priests
  3 jellies (D:5)
  3 sleepcaps
  Jessica (D:2)
  6 iguanas
  14 hell rats (Lair:3)
  18 orc wizards
  Robin (D:3)
  14 gnolls
  8 adders
  2 ufetubi (D:6)
  A ribbon worm (D:2)
  4 dart slugs
  71 orcs
  7 ball pythons
  7 endoplasms
  2 giant cockroaches
  18 goblins
  16 hobgoblins
  5 jackals
  3 quokkas
  4 bats
  4 frilled lizards
  35 kobolds
  6 rats
  18 tentacles (Shoals:4)
990 creatures vanquished.

Vanquished Creatures (others)
  An emperor scorpion (Spider:4)
  An anaconda (Shoals:2)
  A death yak (Lair:2)
  A merfolk aquamancer (Shoals:4)
  An alligator snapping turtle (Shoals:4)
  A skyshark (Shoals:2)
  A pharaoh ant (Spider:2)
  A merfolk (Shoals:3)
  2 hornets
  A tarantella (Spider:4)
  A jumping spider (Spider:4)
  A water elemental (Shoals:2)
  A yak (D:10)
  A wyvern (Lair:2)
  A redback (Spider:4)
  A vampire mosquito (D:15)
  An ogre (D:11)
  27 tentacles (Shoals:4)
45 creatures vanquished.

Grand Total: 1035 creatures vanquished

Notes
Turn   | Place    | Note
-------+----------+-------------------------------------------
     0 | D:1      | Flugkiller the Octopode Gladiator began the quest for the
                  | Orb.
     0 | D:1      | Reached XP level 1. HP: 14/14 MP: 1/1
    30 | D:1      | Reached skill level 1 in Stealth
    91 | D:1      | Reached XP level 2. HP: 19/19 MP: 2/2
   314 | D:1      | Found Geosippo's Armour Shop.
   458 | D:1      | Reached XP level 3. HP: 26/26 MP: 3/3
   625 | D:2      | Found a shimmering altar of Xom.
   649 | D:2      | Identified the +5 dagger of a Labyrinth {holy, rC++ MP-9
                  | Str+9 Int+3}
   707 | D:2      | Noticed Jessica
   713 | D:2      | Killed Jessica
   714 | D:2      | Reached XP level 4. HP: 31/31 MP: 0/4
  1170 | D:3      | Noticed a scorpion
  1186 | D:3      | Killed a scorpion
  1187 | D:3      | Reached XP level 5. HP: 36/36 MP: 0/5
  1406 | D:3      | Reached skill level 5 in Dodging
  1410 | D:3      | Reached XP level 6. HP: 31/42 MP: 0/6
  1454 | D:3      | Noticed Robin
  1481 | D:3      | Killed Robin
  1524 | D:3      | Found a faded altar of an unknown god.
  1739 | D:3      | Prayed at the altar of an unknown god.
  1739 | D:3      | Became a worshipper of Ru the Awakened
  1749 | D:3      | Gained mutation: You are weak. (Str -2) [Ru sacrifice]
  2606 | D:4      | Reached XP level 7. HP: 48/48 MP: 0/7
  2804 | D:4      | Identified the +11 sling "Mief" {flame, rC- Str+4 Dex+3}
  2972 | D:5      | Entered Level 5 of the Dungeon
  3135 | D:5      | Found a bloodstained altar of Trog.
  3137 | D:5      | Found a transporter.
  3139 | D:5      | Noticed a wyvern
  3181 | D:5      | Found a transporter.
  3279 | D:5      | Found a transporter.
  3288 | D:5      | Noticed casual's ghost (novice DjAE)
  3365 | D:5      | Reached XP level 8. HP: 54/54 MP: 8/8
  3374 | D:5      | Found a transporter.
  3387 | D:5      | Reached skill level 1 in Ranged Weapons
  3683 | D:6      | Noticed a yak
  3683 | D:6      | Noticed a yak
  3708 | D:5      | Killed a yak
  3709 | D:5      | Reached skill level 5 in Fighting
  3761 | D:6      | Found a basalt altar of Yredelemnul.
  3778 | D:6      | Gained mutation: You are somewhat inexperienced. (-1 XL)
                  | [Ru sacrifice]
  3778 | D:6      | Reached XP level 7. HP: 50/50 MP: 7/7
  3778 | D:6      | Reached * piety under Ru
  3778 | D:6      | Reached ** piety under Ru
  3784 | D:6      | Noticed a yak
  3829 | D:6      | Noticed a yak
  3831 | D:6      | Killed a yak
  3839 | D:5      | Killed a yak
  3884 | D:6      | Killed a yak
  3969 | D:6      | Reached XP level 8. HP: 56/56 MP: 8/8
  4004 | D:6      | Found a staircase to the Ecumenical Temple.
  4146 | D:6      | Reached skill level 5 in Ranged Weapons
  4182 | D:6      | Found a shadowy altar of Dithmenos.
  4182 | D:6      | Found an ornate altar of the Wu Jian Council.
  4561 | D:7      | Identified the +1 dagger "Mukoe" {drain, *Slow rC+ Stlth+}
  4642 | D:7      | Identified the +10 short sword "Roheer" {flame, rPois rC+
                  | Will- Int+5}
  5578 | D:8      | Noticed a two-headed ogre
  5735 | D:8      | Reached skill level 10 in Dodging
  5753 | D:8      | Reached skill level 1 in Short Blades
  5764 | D:8      | Gained mutation: You are hated by all. [Ru sacrifice]
  5764 | D:8      | Reached *** piety under Ru
  5764 | D:8      | Reached **** piety under Ru
  6061 | D:8      | Reached XP level 9. HP: 63/63 MP: 9/9
  6137 | D:8      | Killed a two-headed ogre
  6239 | D:8      | Noticed Jeremiah
  6621 | D:8      | Noticed Joseph
  6634 | D:8      | Killed Joseph
  6795 | D:8      | Reached skill level 1 in Shields
  7053 | D:8      | Found a glowing golden altar of the Shining One.
  7133 | D:8      | Found a staircase to the Lair.
  7364 | D:9      | Found a flagged portal.
  7371 | D:9      | Found Foet's Distillery.
  7378 | D:9      | Bought a potion of haste for 150 gold pieces
  7389 | Bailey   | Entered a bailey
  7395 | Bailey   | Noticed an orc warlord
  7469 | Bailey   | Found a runed translucent gate.
  7472 | Bailey   | Found a runed translucent gate.
  7474 | Bailey   | Found a runed translucent gate.
  7600 | Bailey   | Reached XP level 10. HP: 72/72 MP: 10/10
  7629 | Bailey   | Killed an orc warlord
  7722 | Bailey   | Identified the +2 war axe "Canugoll" {venom, *Corrode
                  | Int+4}
  7793 | Bailey   | Reached skill level 10 in Shields
  7793 | Bailey   | Reached XP level 11. HP: 77/77 MP: 11/11
  7794 | Bailey   | Reached XP level 12. HP: 82/82 MP: 12/12
  8086 | D:9      | Found a sparkling altar of Nemelex Xobeh.
  8087 | D:9      | Found a shimmering altar of Xom.
  8162 | D:9      | Found a broken altar of Ashenzari.
  8223 | D:9      | Gained mutation: You are sensitive to extremes of
                  | temperature. (rF-, rC-) [Ru sacrifice]
  8223 | D:9      | Reached ***** piety under Ru
  8442 | D:10     | Entered Level 10 of the Dungeon
  9670 | D:11     | Found Yggoamit's Book Emporium.
  9765 | D:11     | Noticed Psyche
  9771 | D:11     | Killed Psyche
  9794 | D:11     | Noticed Lodul
  9801 | D:11     | Noticed Urug
  9956 | D:11     | Killed Urug
  9991 | D:11     | Killed Lodul
 10191 | D:11     | Gained mutation: You cannot be stealthy. [Ru sacrifice]
 10191 | D:11     | Reached ****** piety under Ru
 10347 | Lair:1   | Entered Level 1 of the Lair of Beasts
 10932 | Lair:1   | Found a transporter.
 11254 | Lair:1   | Found a transporter.
 11875 | Lair:1   | Identified the +5 cloak "Higecer" {rElec rN+}
 11879 | Lair:1   | Identified the amulet "Itel" {RegenMP *Slow rElec rC++ rN+}
 11995 | Lair:1   | Reached skill level 10 in Fighting
 12145 | Lair:2   | Reached XP level 13. HP: 60/86 MP: 13/13
 12505 | Lair:2   | Found a staircase to the Shoals.
 13783 | D:8      | Killed Jeremiah
 13917 | D:8      | Found a glowing golden altar of the Shining One.
 14341 | D:8      | Found a staircase to the Lair.
 14801 | Lair:3   | Found a hole to the Spider Nest.
 15448 | Lair:3   | Found the +7 great mace "Firestarter" {flame, immolate,
                  | rFlCloud rF++}
 15480 | Lair:3   | Reached skill level 10 in Ranged Weapons
 16655 | Lair:4   | Found a staircase to the Slime Pits.
 16884 | Lair:4   | Noticed Kirke
 16900 | Lair:4   | Killed Kirke
 16901 | Lair:4   | Reached XP level 14. HP: 102/102 MP: 14/14
 17700 | D:12     | Reached skill level 15 in Dodging
 17765 | D:12     | Reached skill level 1 in Evocations
 17793 | D:12     | Found a staircase to the Orcish Mines.
 18721 | D:13     | Noticed Sonja
 18723 | D:13     | Killed Sonja
 19144 | D:13     | Reached skill level 5 in Evocations
 20018 | D:14     | Found a gate to the Vaults.
 20548 | D:15     | Entered Level 15 of the Dungeon
 20794 | D:15     | Found Maguofuk's Weapon Shoppe.
 21189 | D:15     | Noticed Agnes
 21200 | D:15     | Reached skill level 5 in Long Blades
 21252 | D:15     | Killed Agnes
 21253 | D:15     | Reached XP level 15. HP: 34/103 MP: 6/15
 21716 | D:15     | Found a staircase to the Depths.
 21909 | Orc:1    | Entered Level 1 of the Orcish Mines
 22146 | Orc:1    | Found an iron altar of Okawaru.
 22262 | Orc:1    | Noticed Jorgrun
 22332 | Orc:1    | Killed Jorgrun
 22628 | Orc:2    | Entered Level 2 of the Orcish Mines
 22628 | Orc:2    | Found a staircase to the Elven Halls.
 22744 | Orc:2    | Reached skill level 10 in Long Blades
 22937 | Orc:2    | Found Litsuen's Magic Scroll Shoppe.
 22937 | Orc:2    | Found Etwyefo's General Store.
 22938 | Orc:2    | Found Gaterch's Antique Armour Boutique.
 22938 | Orc:2    | Found Nuco Yth's General Store.
 22945 | Orc:2    | Bought a scroll of fear for 64 gold pieces
 22945 | Orc:2    | Bought a scroll of blinking for 120 gold pieces
 23002 | Orc:2    | Found a runed translucent gate.
 23002 | Orc:2    | Found a runed translucent gate.
 23002 | Orc:2    | Found a runed translucent gate.
 23360 | Orc:2    | Noticed casual's ghost (journeyman DjAE)
 23530 | D:15     | Bought the +11 Singing Sword {sonic wave} for 1800 gold
                  | pieces
 23530 | D:15     | Found the +11 Singing Sword {sonic wave}
 23767 | Shoals:1 | Entered Level 1 of the Shoals
 23986 | Shoals:1 | Identified the +5 great sword of Kehohyps {freeze, rElec
                  | rF+++ Dex-3 Stlth+}
 25011 | Shoals:1 | Identified the +7 tower shield of Boredom {-Cast rElec
                  | rPois}
 25011 | Shoals:1 | Noticed Louise
 25195 | Shoals:1 | Killed Louise
 25196 | Shoals:1 | Reached XP level 16. HP: 69/106 MP: 7/16
 25814 | Shoals:2 | Found a flickering gateway to a bazaar.
 25882 | Bazaar   | Entered a bazaar
 25882 | Bazaar   | Found Qug Zom's Jewellery Boutique.
 25882 | Bazaar   | Found Zauriut's Armour Shop.
 25882 | Bazaar   | Found Toeremo's General Store.
 26074 | Bazaar   | Bought an amulet of regeneration for 270 gold pieces
 26074 | Bazaar   | Bought 2 potions of heal wounds for 90 gold pieces
 26658 | Shoals:2 | Found Noryoqeji's General Store.
 26664 | Shoals:2 | Found Catza's Book Shoppe.
 27808 | Shoals:4 | Entered Level 4 of the Shoals
 27985 | Shoals:4 | Reached skill level 15 in Long Blades
 28014 | Shoals:4 | Identified the maw talisman of Wisdom {rPois Int+4 Dex-4}
 28148 | Shoals:4 | Noticed a kraken
 28213 | Shoals:4 | Reached skill level 15 in Shields
 28470 | Shoals:4 | Killed a kraken
 28567 | Shoals:4 | Identified the staff "Ezaolig" {rCorr Earth}
 28795 | Shoals:4 | Noticed a kraken
 28843 | Shoals:4 | Killed a kraken
 28844 | Shoals:4 | Reached XP level 17. HP: 113/115 MP: 17/17
 28854 | Shoals:4 | Got a barnacled rune of Zot
 29023 | Spider:1 | Entered Level 1 of the Spider Nest
 29636 | Spider:1 | Noticed Donald
 29647 | Spider:1 | Killed Donald
 30151 | Spider:2 | Paralysed by a jorogumo for 1 turns
 30504 | Spider:2 | Reached skill level 15 in Fighting
 30663 | Spider:3 | Identified the serpent talisman of the Turtle {Dex+6}
 30663 | Spider:3 | Noticed Aizul
 30818 | Spider:3 | Killed Aizul
 31052 | Spider:4 | Entered Level 4 of the Spider Nest
 31096 | Spider:4 | Noticed Arachne
 31115 | Spider:4 | Noticed Nikola
 31118 | Spider:4 | Killed Arachne
 31140 | Spider:4 | Killed Nikola
 31287 | Spider:4 | Reached XP level 18. HP: 87/135 MP: 2/18
 31313 | Spider:4 | HP: 6/135 [something (4)]
 31313 | Spider:4 | Slain by a ghost moth

Illustrated notes

Levels and vault maps discovered:
D:1:      lightli_arrival_lavapool, layout_basic, serial_shops,
          nicolae_shop_pleasant_corner_grove, solitary_fountain
D:2:      layout_loops_ring, basic_altar, minmay_between, uniq_jessica
D:3:      layout_rooms, shapermc_ecumenical_altar_mp_ritualfount,
          grunt_ministairs_2, uniq_robin
D:4:      layout_loops_cross
D:5:      layout_loops_ring, gammafunk_temple_overflow_arena,
          gammafunk_ghost_arena, eino_small_chamber_without_monster
D:6:      layout_basic, mainiacjoe_overflow_chevrons,
          gammafunk_temple_overflow_wave, minmay_temple_entry_junction
D:7:      layout_gridville
D:8:      layout_layer_cave, nicolae_overflow_hidden_temple, david_lair_generic,
          minmay_misc_feat_cross, fountainhead, uniq_joseph, uniq_jeremiah
D:9:      minmay_klotski, layout_irregular_city,
          gammafunk_temple_overflow_forgotten, serial_shops,
          nicolae_shop_industrial_runoff, enter_bailey_6
D:10:     layout_basic, water_maze_lemuel
D:11:     layout_small_grid, serial_shops, shop, solitary_fountain,
          minmay_tree_intersection, uniq_lodul, uniq_urug, uniq_psyche
D:12:     layout_rooms, minmay_orc_entry_temple_small
D:13:     layout_stronghold, uniq_sonja
D:14:     layout_cave_pools, david_vaults_2, nicolae_wwwww, minivault_15,
          dreamdust_wasp_nest
D:15:     grunt_enter_depths_snipers, layout_irregular_city, glass_columns_a,
          serial_shops, shop, uniq_agnes
Lair:1:   gammafunk_worm_tunnel, layout_layer_cave
Lair:2:   layout_regular_city, shoals_dummy_entry, minmay_holes,
          grunt_megastairs_2
Lair:3:   layout_chaotic_city, spider_nest_entry_rubble,
          cheibrodos_lair_reptile_den
Lair:4:   layout_misc_corridors, dpeg_slime_entry_enclosed,
          dreamdust_mushroom_princess, uniq_kirke
Shoals:1: layout_shoals, uniq_louise
Shoals:2: layout_shoals, serial_shops, freezing_bzr, shop, shop,
          nicolae_shoals_siren_and_animal_friends
Shoals:3: layout_shoals, nicolae_shoals_this_corrosion
Shoals:4: shoals_end_hangedman, layout_shoals, uniq_mara
Spider:1: layout_cave_pods, hangedman_spider_tarantella_strand, uniq_donald
Spider:2: layout_spider_delve, hellmonk_watch_for_rolling_rocks
Spider:3: layout_spider_delve, uniq_aizul
Spider:4: johnstein_spider_rune_arachne_lair, uniq_nikola
Orc:1:    layout_diamond_mine, okawaru_metal_pillars_3, uniq_jorgrun
Orc:2:    st_orc_ogre_mass, layout_caves, gammafunk_ghost_necromancy,
          basic_altar

Skill      XL: |  1  2  3  4  5  6  7  8  9 10 11 12 13 14 15 16 17 |
---------------+----------------------------------------------------+-----
Stealth        | 2 0 |  0.0
Fighting       | 3 4 6 8 10 11 14 16 | 16.1
Long Blades    | 4 6 13 15 | 15.9
Dodging        | 4 5 7 10 12 13 14 15 16 | 16.9
Ranged Weapons | 4 6 8 12 | 12.0
Short Blades   | 1 |  1.0
Shields        | 4 10 13 15 | 15.0
Evocations     | 6 |  6.0
Throwing       | |  2.0

Action                     |  1- 3 |  4- 6 |  7- 9 | 10-12 | 13-15 | 16-18 || total
---------------------------+-------+-------+-------+-------+-------+-------++-------
  Melee: Long sword        |    30 |       |       |       |       |       ||    30
         Constrict         |    10 |    38 |     2 |       |       |   133 ||   183
         Tentacles         |     5 |    25 |     1 |       |       |   212 ||   243
         Dagger            |     2 |   140 |     9 |       |       |       ||   151
         Double sword      |       |       |       |       |       |   639 ||   639
   Fire: Sling             |       |       |   396 |   425 |  1628 |   139 ||  2588
  Throw: Throwing net      |       |     2 |       |       |     3 |       ||     5
         Dart              |       |       |       |     2 |    10 |     3 ||    15
 Invoke: Sacrifice Purity  |       |     1 |       |       |       |       ||     1
         Sacrifice Experie |       |       |     1 |       |       |       ||     1
         Sacrifice Love    |       |       |     1 |       |       |       ||     1
         Power Leap        |       |       |     2 |       |     3 |       ||     5
         Draw Out Power    |       |       |     2 |       |       |     1 ||     3
         Apocalypse        |       |       |       |     2 |    10 |     6 ||    18
         Sacrifice Stealth |       |       |       |     1 |       |       ||     1
         Sacrifice Resista |       |       |       |     1 |       |       ||     1
  Evoke: Wand              |       |       |       |       |     5 |       ||     5
    Use: Scroll            |       |     2 |     7 |     9 |     7 |     6 ||    31
         Potion            |       |     1 |       |     5 |       |     4 ||    10
   Stab: Sleeping          |     7 |    13 |     2 |       |       |       ||    22
         Distracted        |       |     1 |       |       |       |     3 ||     4
         Invisible         |       |       |       |       |       |     4 ||     4
         Paralysed         |       |       |       |       |       |     2 ||     2
 Armour: Skin              |     5 |    30 |    44 |    40 |   147 |   156 ||   422
  Dodge: Dodged            |    15 |    88 |   107 |    92 |   348 |   254 ||   904
  Block: Kite shield       |       |       |     8 |   132 |   397 |    27 ||   564
         Reflection        |       |       |       |       |    31 |    15 ||    46
         Tower shield      |       |       |       |       |       |   860 ||   860

Table legend: (Time is in decaauts)
 A = Elapsed time spent in this place.
 B = Non-inter-level travel time spent in this place.
 C = Inter-level travel time spent in this place.
 D = Time resting spent in this place.
 E = Time spent auto-exploring this place.
 F = Levels seen in this place.
 G = Mean time per level.
                   A        B        C        D        E       F      G
               +--------+--------+--------+--------+--------+-----+--------+
         Total |  31325 |  29122 |   2203 |   5404 |  16160 |  31 | 1010.5 |
       Dungeon |  16903 |  15446 |   1457 |   2815 |   9010 |  15 | 1126.9 |
          Lair |   5813 |   5383 |    430 |   1447 |   2752 |   4 | 1453.2 |
        Shoals |   4198 |   4051 |    147 |    776 |   1914 |   4 | 1049.5 |
   Spider Nest |   2260 |   2191 |     69 |    110 |   1409 |   4 |  565.0 |
  Orcish Mines |   1507 |   1408 |     99 |     24 |    890 |   2 |  753.5 |
        Bazaar |    204 |    204 |      0 |    171 |      0 |   1 |  204.0 |
        Bailey |    436 |    436 |      0 |     60 |    185 |   1 |  436.0 |
               +--------+--------+--------+--------+--------+-----+--------+

Top non-repeatable levels by time:
     D:8: 2773 daAuts
  Lair:1: 1831 daAuts
    D:13: 1732 daAuts
     D:7: 1708 daAuts
  Lair:2: 1624 daAuts
  Lair:3: 1498 daAuts
Shoals:1: 1309 daAuts
     D:9: 1239 daAuts
    D:15: 1185 daAuts
    D:10: 1166 daAuts
Shoals:3: 1086 daAuts
     D:2: 948 daAuts
    D:14: 904 daAuts
Shoals:4: 903 daAuts
Shoals:2: 899 daAuts
